 Dungeon Crawl Stone Soup version 0.31-a0-182-gc5ef74bbde (webtiles) character file.

Game seed: 12623187178264176386

9583 qw the Cleaver (level 11, -1/71 HPs)
             Began as a Gargoyle Fighter on June 21, 2023.
             Was a Believer of Okawaru.
             Slain by an elephant (8 damage)
             ... on level 1 of the Lair of Beasts.
             The game lasted 00:07:55 (12610 turns).

qw the Cleaver (Gargoyle Fighter)                  Turns: 12610, Time: 00:07:55

Health: -1/71      AC: 28    Str: 23    XL:     11   Next: 48%
Magic:  14/14      EV:  6    Int: 10    God:    Okawaru [**....]
Gold:   341        SH: 16    Dex:  9    Spells: 10/10 levels left

rFire   . . .        Y - +1 war axe
rCold   . . .        g - +2 kite shield
rNeg    + . .        q - +0 plate armour
rPois   inf          f - +0 helmet
rElec   +            s - +0 cloak {Will+}
rCorr   .            h - +1 pair of gloves
SInv    .            u - +0 pair of boots
Will    +....        v - amulet of reflection Stlth
                     (no ring)
HPRegen 0.31/turn    (no ring)
MPRegen 0.14/turn

%: reflection, clarity
@: about to teleport, marked
A: sickness immunity, AC +8, negative energy resistance 1, electricity
resistance, torment resistance 1, petrification resistance, clarity, MP-powered
wands
a: Renounce Religion, Heroism


You were on level 1 of the Lair of Beasts.
You worshipped Okawaru.
Okawaru was pleased with you.
You visited 3 branches of the dungeon, and saw 12 of its levels.
You also visited: Ossuary.

You collected 740 gold pieces.
You spent 399 gold pieces at shops.


Innate Abilities, Weirdness & Mutations

You are immune to sickness and miasma.
Your stone body is resilient. (AC +8)
You are immune to poison.
You resist negative energy. (rN+)
You are resistant to electric shocks. (rElec)
You are resistant to unholy torment.
You are immune to petrification.
You possess an exceptional clarity of mind.
You expend magic power (3 MP) to strengthen your wands.


   Skills:
 - Level 9.2 Fighting
 - Level 11.0 Axes
 - Level 1.0 Throwing
 - Level 9.0 Armour
 - Level 1.0 Dodging
 + Level 7.5 Shields
 - Level 4.0 Invocations


You had 10 spell levels left.
You didn't know any spells.
Your spell library was empty.

Inventory:

Hand Weapons
 b - a +1 hand axe of flaming
 Y - a +1 war axe (weapon)
Armour
 f - a +0 helmet (worn)
 g - a +2 kite shield (worn)
 h - a +1 pair of gloves (worn)
 q - a +0 plate armour (worn)
 s - a +0 cloak of willpower (worn)
 u - a +0 pair of boots (worn)
Jewellery
 v - an amulet of reflection (around neck)
Scrolls
 c - 4 scrolls of teleportation
 m - a scroll of identify
Potions
 a - a potion of resistance
 d - 2 potions of might
 e - a potion of lignification
 i - 2 potions of enlightenment
 k - a potion of mutation
 l - 3 potions of heal wounds
 n - 2 potions of attraction
 o - 3 potions of curing
 r - a potion of cancellation

Dungeon Overview and Level Annotations

Branches:
Dungeon (10/15)            Temple (1/1) D:4            Lair (1/5) D:10
Ossuary (visited)
    Orc: D:9-12

Altars:
Ashenzari
Cheibriados
Dithmenos
Elyvilon
Fedhas
Gozag
Hepliaklqana
Kikubaaqudgha
Makhleb
Nemelex Xobeh
Okawaru
Qazlal
Ru
Sif Muna
Trog
Uskayaw
Vehumet
Wu Jian
Xom
Yredelemnul
Zin
The Shining One

Shops:
D:7 [*[[

Annotations:
D:2 1 runed translucent door, Crazy Yiuf
D:4 3 runed translucent doors, exclusions: 4 hounds and howler monkey, qw's ghost, amateur GrHu
D:8 exclusion: moth of wrath
D:10 6 transporters


Message History

You hit the komodo dragon but do no damage.
You completely miss the elephant. You slash the water moccasin!
You block the elephant's attack. The elephant closely misses you.
The elephant tramples you but does no damage.
You block the elephant's attack. You block the steam dragon's attack.
The steam dragon claws you but does no damage.
A rime drake comes into view.
The komodo dragon bites you but does no damage.
The water moccasin bites you but does no damage.
Your base Shields skill increases to level 7!
You hit the elephant.
You kill the elephant!
Okawaru accepts your kill.
You hit the steam dragon. You slash the yak! You barely miss the komodo dragon.
You hit the elephant. You slash the water moccasin! You block the yak's attack.
You block the steam dragon's attack.
The steam dragon claws you but does no damage.
The elephant barely misses you.
The elephant trunk-slaps you but does no damage.
The water moccasin closely misses you. You block the komodo dragon's attack.
You barely miss the water moccasin.
The water moccasin is severely wounded.
You barely miss the steam dragon. You slash the yak! You hit the yak.
You hit the komodo dragon but do no damage.
You hit the elephant.
You feel like a meek peon again. You block the water moccasin's attack.
The yak gores you! You block the yak's attack. The elephant tramples you.
You hold your ground!
The elephant trunk-slaps you but does no damage.
The steam dragon bites you but does no damage.
The steam dragon claws you but does no damage.
12610 ||| READING 5 scrolls of teleportation.
As you read the scroll of teleportation, it crumbles to dust.
You feel strangely unstable. The komodo dragon closely misses you.
You block the water moccasin's attack. The yak gores you.
A wyvern comes into view.
You block the steam dragon's attack. x2; You block the yak's attack.
The elephant tramples you!
You die...

.........P
.........#
.........#
.........#
.........#
........l#
......YYY#
......SY@#
.##....lSD......
##...#).......
#............
#.k..........
.....#........
.##...#........
l..##........


You could see an elephant, a komodo dragon, 3 yaks, a basilisk, a rime drake, a
steam dragon, 2 water moccasins and a wyvern.

Vanquished Creatures
  Pikel (D:4)
  A cyclops (D:8)
  4 elephants (Lair:1)
  A gargoyle (D:10)
  A cane toad (Lair:1)
  A hornet (D:8)
  3 wraiths
  2 wyverns (D:9)
  6 yaks
  2 vampire mosquitoes (D:10)
  2 steam dragons (D:7)
  2 acid dragons
  4 water moccasins
  A black bear (D:6)
  3 orc warriors
  An ice beast (D:5)
  A sky beast (D:7)
  5 centaurs
  An ogre (D:4)
  A phantom (D:6)
  An elf zombie (Ossuary)
  2 kobold brigands
  A gnoll sergeant (D:10)
  5 bullfrogs
  3 scorpions
  3 wights (D:8)
  3 killer bees (D:8)
  5 howler monkeys
  2 centaur zombies (Ossuary)
  2 human zombies (Ossuary)
  A quasit (D:4)
  3 hounds
  2 jellies
  7 orc priests
  A gnoll bouda (D:4)
  A sleepcap (D:6)
  5 iguanas
  Natasha (thrice) (D:3)
  6 orc wizards
  A hound zombie (Ossuary)
  3 mummies (Ossuary)
  8 adders
  26 gnolls
  4 shadow imps
  4 white imps
  4 ufetubi
  3 adder zombies (Ossuary)
  4 worms
  A dart slug (D:1)
  32 orcs
  4 ball pythons
  10 bats
  10 endoplasms
  3 giant cockroaches
  9 goblins
  5 hobgoblins
  17 jackals
  10 kobolds
  4 quokkas
  5 frilled lizards
  3 gnoll zombies (Ossuary)
  2 goblin zombies
  3 hobgoblin zombies (Ossuary)
  A jackal zombie (Ossuary)
  4 kobold zombies (Ossuary)
  An orc zombie (Ossuary)
  6 quokka zombies (Ossuary)
  7 rats
  7 rat zombies
300 creatures vanquished.

Notes
Turn   | Place    | Note
-------+----------+-------------------------------------------
     0 | D:1      | qw the Gargoyle Fighter began the quest for the Orb.
     0 | D:1      | Reached XP level 1. HP: 14/14 MP: 1/1
     0 | D:1      | 0 ||| qw: Version: 0.3-a-9-g12657ce
     0 | D:1      | 0 ||| qw: Game counter: 1636
     0 | D:1      | 0 ||| qw: Always use a shield: true
     0 | D:1      | 0 ||| qw: God list: Okawaru
     0 | D:1      | 0 ||| qw: Allow faded altars: false
     0 | D:1      | 0 ||| qw: Do Orc after D:15 true
     0 | D:1      | 0 ||| qw: Do second Lair branch before Depths: true
     0 | D:1      | 0 ||| qw: Lair rune preference: random
     0 | D:1      | 0 ||| qw: Plans: Normal, Zot:1-4, Slime:5, God:TSO, Crypt,
                  | Tomb, Abyss, Pan, Hells, Win
     0 | D:1      | 0 ||| PLANNING D:1-11
   115 | D:1      | 115 ||| Stepping ~*~*~tactically~*~*~ (hiding).
   116 | D:1      | 116 ||| Stepping ~*~*~tactically~*~*~ (hiding).
   128 | D:1      | Reached skill level 2 in Axes
   318 | D:1      | Found a faded altar of an unknown god.
   319 | D:1      | 319 ||| Stepping ~*~*~tactically~*~*~ (hiding).
   381 | D:1      | Reached XP level 2. HP: 19/19 MP: 2/2
   713 | D:1      | 713 ||| UPGRADING to +0 helmet.
   718 | D:1      | 718 ||| READING scroll labelled XOCROM COPUQ.
   719 | D:1      | 719 ||| READING 2 scrolls labelled WIFAUPS QUOZXYB.
   720 | D:1      | 720 ||| READING scroll labelled WAECWASHUT.
   721 | D:1      | 721 ||| READING scroll labelled WOISHR YTAARIMN.
   722 | D:1      | 722 ||| DROPPING scroll of revelation.
   757 | D:2      | 757 ||| STAIRDANCE
   762 | D:1      | Reached skill level 3 in Axes
   762 | D:1      | Reached XP level 3. HP: 16/23 MP: 3/3
  1135 | D:2      | Found a runed translucent door.
  1136 | D:2      | Noticed Crazy Yiuf
  1446 | D:2      | 1446 ||| Stepping ~*~*~tactically~*~*~ (stealth).
  1492 | D:2      | Reached XP level 4. HP: 23/28 MP: 4/4
  1936 | D:2      | 1936 ||| UPGRADING to +0 cloak.
  1941 | D:2      | 1941 ||| UPGRADING to +0 pair of gloves.
  1946 | D:2      | 1946 ||| READING scroll labelled HUNIGRAPOMM.
  2009 | D:3      | 2009 ||| DROPPING +0 club.
  2199 | D:3      | 2199 ||| Stepping ~*~*~tactically~*~*~ (hiding).
  2202 | D:3      | 2202 ||| Stepping ~*~*~tactically~*~*~ (stealth).
  2218 | D:3      | Reached skill level 4 in Axes
  2242 | D:3      | Reached XP level 5. HP: 24/32 MP: 5/5
  2281 | D:3      | Noticed Natasha
  2286 | D:3      | Killed Natasha
  2353 | D:3      | 2353 ||| Stepping ~*~*~tactically~*~*~ (stealth).
  2368 | D:3      | 2368 ||| Stepping ~*~*~tactically~*~*~ (stealth).
  2446 | D:3      | Reached skill level 5 in Axes
  2577 | D:3      | Noticed Natasha
  2578 | D:3      | 2578 ||| Stepping ~*~*~tactically~*~*~ (stealth).
  2579 | D:3      | 2579 ||| Stepping ~*~*~tactically~*~*~ (stealth).
  2581 | D:3      | 2581 ||| Stepping ~*~*~tactically~*~*~ (hiding).
  2592 | D:3      | Killed Natasha
  2639 | D:3      | Noticed Natasha
  2640 | D:3      | 2640 ||| Stepping ~*~*~tactically~*~*~ (stealth).
  2665 | D:3      | Killed Natasha
  2666 | D:3      | Reached skill level 1 in Dodging
  2666 | D:3      | Reached XP level 6. HP: 36/38 MP: 6/6
  3344 | D:3      | 3344 ||| READING 2 scrolls labelled HULO PECHA.
  3345 | D:3      | 3345 ||| READING scroll labelled GARIORPHISEL.
  3346 | D:3      | 3346 ||| READING scroll labelled XUOROG IGUUSA.
  3351 | D:3      | 3351 ||| DRINKING 3 fuming emerald potions.
  3352 | D:3      | 3352 ||| DROPPING scroll of blinking.
  3416 | D:4      | 3416 ||| Stepping ~*~*~tactically~*~*~ (stealth).
  3427 | D:4      | 3427 ||| Stepping ~*~*~tactically~*~*~ (stealth).
  3532 | D:4      | Noticed Pikel
  3553 | D:4      | Killed Pikel
  3554 | D:4      | Reached skill level 7 in Axes
  3554 | D:4      | Reached XP level 7. HP: 37/43 MP: 7/7
  3579 | D:4      | 3579 ||| DROPPING +0 whip.
  3629 | D:4      | 3629 ||| Stepping ~*~*~tactically~*~*~ (stealth).
  3630 | D:4      | 3630 ||| Stepping ~*~*~tactically~*~*~ (stealth).
  3632 | D:4      | 3632 ||| Stepping ~*~*~tactically~*~*~ (stealth).
  3637 | D:4      | 3637 ||| Stepping ~*~*~tactically~*~*~ (stealth).
  3657 | D:4      | 3657 ||| Stepping ~*~*~tactically~*~*~ (stealth).
  3670 | D:4      | 3670 ||| Stepping ~*~*~tactically~*~*~ (hiding).
  3673 | D:4      | 3673 ||| DRINKING 2 potions of curing.
  3673 | D:4      | 3673 ||| (to cure confusion)
  3674 | D:4      | 3674 ||| DRINKING potion of curing.
  3674 | D:4      | 3674 ||| (to cure confusion)
  3679 | D:4      | Reached XP level 8. HP: 48/48 MP: 8/8
  3691 | D:4      | 3691 ||| FLEEEEING.
  3692 | D:4      | 3692 ||| FLEEEEING.
  3693 | D:4      | 3693 ||| FLEEEEING.
  3694 | D:4      | 3694 ||| FLEEEEING.
  3695 | D:4      | 3695 ||| FLEEEEING.
  3696 | D:4      | 3696 ||| FLEEEEING.
  3697 | D:4      | 3697 ||| FLEEEEING.
  3698 | D:4      | 3698 ||| FLEEEEING.
  3699 | D:4      | 3699 ||| FLEEEEING.
  3703 | D:4      | 3703 ||| FLEEEEING.
  3704 | D:4      | 3704 ||| FLEEEEING.
  3705 | D:4      | 3705 ||| FLEEEEING.
  3709 | D:4      | 3709 ||| FLEEEEING.
  3713 | D:4      | 3713 ||| FLEEEEING.
  3714 | D:4      | 3714 ||| FLEEEEING.
  3715 | D:4      | 3715 ||| FLEEEEING.
  3722 | D:4      | 3722 ||| FLEEEEING.
  3723 | D:4      | 3723 ||| FLEEEEING.
  3724 | D:4      | 3724 ||| FLEEEEING.
  3725 | D:4      | 3725 ||| FLEEEEING.
  3726 | D:4      | 3726 ||| FLEEEEING.
  3726 | D:4      | HP: 7/49 [something/puff of flame (9)]
  3727 | D:4      | 3727 ||| FLEEEEING.
  3728 | D:4      | 3728 ||| FLEEEEING.
  3729 | D:4      | 3729 ||| FLEEEEING.
  3737 | D:4      | 3737 ||| FLEEEEING.
  3743 | D:4      | 3743 ||| FLEEEEING.
  3744 | D:4      | 3744 ||| FLEEEEING.
  3746 | D:4      | 3746 ||| FLEEEEING.
  3747 | D:4      | 3747 ||| FLEEEEING.
  3748 | D:4      | 3748 ||| FLEEEEING.
  3749 | D:4      | 3749 ||| FLEEEEING.
  3750 | D:4      | 3750 ||| FLEEEEING.
  3751 | D:4      | 3751 ||| FLEEEEING.
  3752 | D:4      | 3752 ||| FLEEEEING.
  3755 | D:4      | Found a snail-covered altar of Cheibriados.
  3759 | D:4      | 3759 ||| STAIRDANCE
  3886 | D:3      | 3886 ||| DRINKING 2 golden potions.
  3887 | D:3      | 3887 ||| DROPPING potion of degeneration.
  4062 | D:4      | Found a staircase to the Ecumenical Temple.
  4063 | D:4      | 4063 ||| PLANNING TEMPLE
  4067 | D:4      | 4067 ||| Stepping ~*~*~tactically~*~*~ (stealth).
  4068 | D:4      | 4068 ||| Stepping ~*~*~tactically~*~*~ (stealth).
  4118 | Temple   | Entered the Ecumenical Temple
  4258 | Temple   | 4258 ||| PLANNING D:1-11
  4286 | D:4      | Found a broken altar of Ashenzari.
  4366 | D:4      | Found a runed translucent gate.
  4368 | D:4      | Found a runed translucent gate.
  4368 | D:4      | Found a runed translucent gate.
  4373 | D:4      | Noticed qw's ghost (amateur GrHu)
  4457 | D:4      | Reached skill level 1 in Throwing
  4498 | D:4      | Found a stormy altar of Qazlal.
  4568 | D:4      | 4568 ||| DRINKING 2 viscous coppery potions.
  4575 | D:4      | 4575 ||| FLEEEEING.
  4587 | D:4      | Reached skill level 8 in Axes
  4605 | D:4      | 4605 ||| FLEEEEING.
  4606 | D:4      | 4606 ||| FLEEEEING.
  4609 | D:4      | 4609 ||| READING 2 scrolls of identify.
  4609 | D:4      | 4609 ||| IDENTIFYING sedimented brown potion
  4610 | D:4      | 4610 ||| DROPPING potion of berserk rage.
  4687 | D:4      | HP: 10/51 [gnoll/+0 flail (6)]
  4688 | D:4      | 4688 ||| READING scroll of teleportation.
  4688 | D:4      | HP: 1/51 [gnoll/+0 flail (9)]
  4910 | D:4      | Reached skill level 6 in Fighting
  4990 | D:4      | 4990 ||| Stepping ~*~*~tactically~*~*~ (stealth).
  5030 | D:4      | 5030 ||| Stepping ~*~*~tactically~*~*~ (stealth).
  5090 | D:4      | 5090 ||| FLEEEEING.
  5091 | D:4      | 5091 ||| FLEEEEING.
  5092 | D:4      | 5092 ||| FLEEEEING.
  5093 | D:4      | 5093 ||| FLEEEEING.
  5094 | D:4      | 5094 ||| FLEEEEING.
  5095 | D:4      | 5095 ||| FLEEEEING.
  5096 | D:4      | 5096 ||| FLEEEEING.
  5097 | D:4      | 5097 ||| FLEEEEING.
  5098 | D:4      | 5098 ||| FLEEEEING.
  5099 | D:4      | 5099 ||| FLEEEEING.
  5100 | D:4      | 5100 ||| FLEEEEING.
  5105 | D:4      | 5105 ||| FLEEEEING.
  5106 | D:4      | 5106 ||| FLEEEEING.
  5107 | D:4      | 5107 ||| FLEEEEING.
  5108 | D:4      | 5108 ||| FLEEEEING.
  5109 | D:4      | 5109 ||| FLEEEEING.
  5110 | D:4      | 5110 ||| FLEEEEING.
  5111 | D:4      | 5111 ||| FLEEEEING.
  5119 | D:4      | 5119 ||| Stepping ~*~*~tactically~*~*~ (hiding).
  5132 | D:4      | HP: 11/51 [orc priest/nerve-wracking pain (4)]
  5263 | D:4      | 5263 ||| Stepping ~*~*~tactically~*~*~ (stealth).
  5284 | D:4      | 5284 ||| Stepping ~*~*~tactically~*~*~ (stealth).
  5285 | D:4      | 5285 ||| Stepping ~*~*~tactically~*~*~ (stealth).
  5292 | D:4      | 5292 ||| Stepping ~*~*~tactically~*~*~ (stealth).
  5365 | D:4      | 5365 ||| UPGRADING to +0 chain mail.
  5375 | D:4      | 5375 ||| DROPPING +0 scale mail.
  5376 | D:4      | 5376 ||| UPGRADING to +2 buckler.
  5386 | D:4      | 5386 ||| DROPPING +0 buckler.
  5514 | D:4      | 5514 ||| DROPPING +0 flail.
  5703 | D:4      | 5703 ||| READING scroll labelled WIRCHY GETE.
  5704 | D:4      | 5704 ||| READING scroll labelled BAALOALOOS.
  5731 | D:5      | Entered Level 5 of the Dungeon
  5778 | D:5      | Reached skill level 9 in Axes
  5778 | D:5      | Reached XP level 9. HP: 30/55 MP: 9/9
  5948 | D:5      | Found an iron altar of Okawaru.
  5949 | D:5      | 5949 ||| PLANNING OKAWARU WORSHIP
  5949 | D:5      | 5949 ||| DRINKING 2 fizzy white potions.
  5963 | D:5      | Became a worshipper of Warmaster Okawaru
  5964 | D:5      | 5964 ||| PLANNING D:1-11
  6215 | D:5      | 6215 ||| Stepping ~*~*~tactically~*~*~ (hiding).
  6216 | D:5      | 6216 ||| Stepping ~*~*~tactically~*~*~ (hiding).
  6733 | D:5      | 6733 ||| DRINKING 2 metallic silvery potions.
  6733 | D:5      | Gained mutation: You possess an exceptional clarity of
                  | mind. [potion of mutation]
  6733 | D:5      | Gained mutation: You expend magic power (3 MP) to
                  | strengthen your wands. [potion of mutation]
  6734 | D:5      | 6734 ||| DRINKING 2 green potions.
  6735 | D:5      | 6735 ||| READING 2 scrolls of identify.
  6735 | D:5      | 6735 ||| IDENTIFYING fuming orange potion
  6736 | D:5      | 6736 ||| DROPPING potion of brilliance.
  6753 | D:6      | 6753 ||| PLANNING OSSUARY
  6771 | D:6      | Found an opulent altar of Gozag.
  6773 | D:6      | 6773 ||| Stepping ~*~*~tactically~*~*~ (stealth).
  6803 | D:6      | Found a white marble altar of Elyvilon.
  7047 | D:6      | 7047 ||| Stepping ~*~*~tactically~*~*~ (hiding).
  7048 | D:6      | 7048 ||| Stepping ~*~*~tactically~*~*~ (hiding).
  7050 | D:6      | 7050 ||| Stepping ~*~*~tactically~*~*~ (hiding).
  7100 | D:6      | Found a sand-covered staircase.
  7101 | D:6      | 7101 ||| READING 2 scrolls of identify.
  7101 | D:6      | 7101 ||| IDENTIFYING blue potion
  7113 | Ossuary  | Entered an ossuary
  7258 | Ossuary  | Reached * piety under Okawaru
  7426 | Ossuary  | Reached skill level 1 in Invocations
  7474 | Ossuary  | 7474 ||| READING scroll of enchant armour.
  7474 | Ossuary  | 7474 ||| ENCHANTING +0 pair of gloves.
  7558 | D:6      | 7558 ||| PLANNING D:1-11
  7617 | D:6      | 7617 ||| INVOKING Heroism.
  7774 | D:6      | 7774 ||| Stepping ~*~*~tactically~*~*~ (hiding).
  7775 | D:6      | 7775 ||| Stepping ~*~*~tactically~*~*~ (hiding).
  7776 | D:6      | 7776 ||| Stepping ~*~*~tactically~*~*~ (hiding).
  7906 | D:6      | Reached skill level 3 in Invocations
  8050 | D:6      | 8050 ||| READING scroll labelled NOATUUGHOS.
  8109 | D:7      | 8109 ||| Stepping ~*~*~tactically~*~*~ (hiding).
  8110 | D:7      | 8110 ||| INVOKING Heroism.
  8114 | D:7      | Reached skill level 10 in Axes
  8114 | D:7      | 8114 ||| Stepping ~*~*~tactically~*~*~ (cloud).
  8208 | D:7      | Found a flagged portal.
  8317 | D:7      | 8317 ||| INVOKING Heroism.
  8366 | D:7      | Reached XP level 10. HP: 63/63 MP: 11/13
  8383 | D:7      | 8383 ||| INVOKING Heroism.
  8392 | D:7      | 8392 ||| Stepping ~*~*~tactically~*~*~ (cloud).
  8471 | D:7      | Found Boaroynull's Antique Armour Boutique.
  8474 | D:7      | Found Yffaoffa's Armour Boutique.
  8474 | D:7      | Found Valoores's Antique Armour Boutique.
  8475 | D:7      | Found Onefrola's Assorted Antiques.
  8478 | D:7      | 8478 ||| BUYING glowing cloak (157 gold).
  8478 | D:7      | Bought a glowing cloak for 157 gold pieces
  8481 | D:7      | 8481 ||| BUYING glowing scarf (184 gold).
  8481 | D:7      | Bought a glowing scarf for 184 gold pieces
  8488 | D:7      | 8488 ||| SHOPLISTING glowing chain mail (165 gold, have
                  | 160).
  8491 | D:7      | 8491 ||| BUYING +0 pair of boots (58 gold).
  8491 | D:7      | Bought a +0 pair of boots for 58 gold pieces
  8491 | D:7      | 8491 ||| SHOPLISTING +12 plate armour of the Sea {*Corrode
                  | MP+9 Dex+7} (1461 gold, have 102).
  8491 | D:7      | 8491 ||| SHOPLISTING +18 shield of the Gong {Loud rN+ Will+
                  | rCorr EV-5} (1246 gold, have 102).
  8491 | D:7      | 8491 ||| SHOPLISTING +2 cloak of the Thief {*Fog Slay-2
                  | SInv Stlth+} (261 gold, have 102).
  8491 | D:7      | 8491 ||| SHOPLISTING +2 pair of boots of rampaging (279
                  | gold, have 102).
  8670 | D:7      | Reached skill level 6 in Armour
  8724 | D:7      | 8724 ||| Stepping ~*~*~tactically~*~*~ (hiding).
  8731 | D:7      | 8731 ||| INVOKING Heroism.
  8937 | D:7      | 8937 ||| UPGRADING to +0 plate armour.
  8947 | D:7      | 8947 ||| DROPPING +0 chain mail.
  8948 | D:7      | 8948 ||| UPGRADING to +0 cloak of willpower.
  8958 | D:7      | 8958 ||| DROPPING +0 cloak.
  8959 | D:7      | 8959 ||| DROPPING scarf of repulsion.
  8960 | D:7      | 8960 ||| UPGRADING to +0 pair of boots.
  8965 | D:7      | 8965 ||| UPGRADING to amulet of reflection.
  8970 | D:7      | 8970 ||| READING 2 scrolls of identify.
  8970 | D:7      | 8970 ||| IDENTIFYING cyan potion
  8971 | D:7      | 8971 ||| DROPPING potion of ambrosia.
  9126 | D:8      | 9126 ||| INVOKING Heroism.
  9221 | D:8      | Noticed a moth of wrath
  9351 | D:8      | 9351 ||| Stepping ~*~*~tactically~*~*~ (stealth).
  9352 | D:8      | 9352 ||| Stepping ~*~*~tactically~*~*~ (stealth).
  9398 | D:8      | Found a shadowy altar of Dithmenos.
  9403 | D:8      | 9403 ||| Stepping ~*~*~tactically~*~*~ (stealth).
  9407 | D:8      | 9407 ||| Stepping ~*~*~tactically~*~*~ (stealth).
  9434 | D:8      | 9434 ||| Stepping ~*~*~tactically~*~*~ (stealth).
  9435 | D:8      | 9435 ||| Stepping ~*~*~tactically~*~*~ (stealth).
  9436 | D:8      | 9436 ||| Stepping ~*~*~tactically~*~*~ (stealth).
  9549 | D:8      | Found an ornate altar of the Wu Jian Council.
  9576 | D:8      | Noticed a cyclops
  9577 | D:8      | 9577 ||| Stepping ~*~*~tactically~*~*~ (hiding).
  9580 | D:8      | 9580 ||| INVOKING Heroism.
  9587 | D:8      | Killed a cyclops
  9646 | D:8      | 9646 ||| INVOKING Heroism.
  9647 | D:8      | 9647 ||| Stepping ~*~*~tactically~*~*~ (hiding).
  9683 | D:8      | Found a glowing golden altar of the Shining One.
  9901 | D:8      | 9901 ||| Stepping ~*~*~tactically~*~*~ (stealth).
 10155 | D:9      | 10155 ||| FLEEEEING.
 10162 | D:9      | 10162 ||| FLEEEEING.
 10163 | D:9      | 10163 ||| FLEEEEING.
 10164 | D:9      | 10164 ||| FLEEEEING.
 10165 | D:9      | 10165 ||| FLEEEEING.
 10175 | D:9      | 10175 ||| FLEEEEING.
 10176 | D:9      | 10176 ||| Stepping ~*~*~tactically~*~*~ (hiding).
 10635 | D:8      | Found a bloodstained altar of Trog.
 10855 | D:9      | 10855 ||| DROPPING +0 pair of gloves of hurling.
 11015 | D:9      | 11015 ||| INVOKING Heroism.
 11043 | D:9      | Found a sparkling altar of Nemelex Xobeh.
 11080 | D:9      | 11080 ||| Stepping ~*~*~tactically~*~*~ (stealth).
 11102 | D:9      | Reached ** piety under Okawaru
 11103 | D:9      | Reached skill level 11 in Axes
 11237 | D:9      | Reached XP level 11. HP: 61/69 MP: 14/14
 11443 | D:9      | Found a glowing silver altar of Zin.
 11596 | D:9      | 11596 ||| READING 2 scrolls labelled YSHIMEY ZIUTES.
 11597 | D:9      | 11597 ||| READING 2 scrolls of identify.
 11597 | D:9      | 11597 ||| IDENTIFYING sedimented blue potion
 11598 | D:9      | 11598 ||| DROPPING scroll of fog.
 11622 | D:10     | Entered Level 10 of the Dungeon
 11631 | D:10     | 11631 ||| Stepping ~*~*~tactically~*~*~ (hiding).
 11675 | D:10     | Found a transporter.
 11738 | D:10     | Found a transporter.
 11744 | D:10     | 11744 ||| Stepping ~*~*~tactically~*~*~ (hiding).
 11744 | D:10     | Found a transporter.
 11747 | D:10     | 11747 ||| INVOKING Heroism.
 11752 | D:10     | Reached skill level 9 in Fighting
 11959 | D:10     | 11959 ||| Stepping ~*~*~tactically~*~*~ (hiding).
 11980 | D:10     | 11980 ||| INVOKING Heroism.
 12136 | D:10     | Found a transporter.
 12194 | D:10     | Reached skill level 9 in Armour
 12204 | D:10     | Found a transporter.
 12213 | D:10     | Found a transporter.
 12298 | D:10     | Found a staircase to the Lair.
 12516 | D:10     | 12516 ||| PLANNING LAIR
 12516 | D:10     | 12516 ||| UPGRADING to +2 kite shield.
 12526 | D:10     | 12526 ||| DROPPING +2 buckler.
 12527 | D:10     | 12527 ||| READING 2 scrolls of identify.
 12527 | D:10     | 12527 ||| IDENTIFYING silvery potion
 12583 | Lair:1   | Entered Level 1 of the Lair of Beasts
 12584 | Lair:1   | 12584 ||| INVOKING Heroism.
 12604 | Lair:1   | Reached skill level 6 in Shields
 12609 | Lair:1   | HP: 9/71 [yak (10)]
 12610 | Lair:1   | 12610 ||| READING 5 scrolls of teleportation.
 12610 | Lair:1   | Slain by an elephant

Levels and vault maps discovered:
D:1:      denvon_arrival_planthouse, layout_basic,
          ebering_ecumenical_altar_sacrificial,
          nicolae_concentric_dashed_squares_mild
D:2:      layout_loops_ring, serial_aquarium, aquarium_bridge_square
          [aquarium_subvault_wall, aquarium_subvault_wall,
          aquarium_subvault_wall, aquarium_subvault_bridge],
          aquarium_bridge_island_small [aquarium_subvault_small_water,
          aquarium_subvault_bridge, aquarium_subvault_bridge,
          aquarium_subvault_window, aquarium_subvault_wall],
          aquarium_window_fake, aquarium_window_corner, aquarium_window_corner,
          aquarium_window_double, aquarium_view_2e, minmay_close_crescents,
          uniq_crazy_yiuf_cottage
D:3:      layout_basic, serial_forest, infiniplex_forest_end_double,
          infiniplex_forest_straight_4, infiniplex_forest_clump_medium,
          infiniplex_forest_zigzag_1, infiniplex_forest_zigzag_1,
          infiniplex_forest_lined_3, infiniplex_forest_end_2,
          infiniplex_forest_clump_double, kennysheep_small_spiral,
          minmay_liquid_box, minmay_misc_feat_x, minmay_cut_off, uniq_natasha
D:4:      lemuel_castle_with_subvaults [lemuel_castle_interior_carwin_1],
          layout_loops_ring, cheibriados_altar_1, grunt_qazlal_clouds,
          ashenzari_altar_1, minmay_temple_entry_large_hall,
          gammafunk_ghost_necromancy, serial_demonic, serial_demonic_b,
          serial_demonic_g, serial_demonic_c, serial_demonic_d,
          serial_demonic_c, serial_demonic_b, uniq_pikel
D:5:      layout_basic, okawaru_trees_2
D:6:      layout_gridville, nicolae_gozag_cash_rules_everything_around_me,
          elyvilon_altar_1, enter_ossuary_4
D:7:      layout_gridville, enter_bailey_3, minmay_shop_grid_forest
D:8:      layout_loops_corners, nicolae_dithmenos_shadow_blocks,
          mainiacjoe_overflow_tiny_flanked, nicolae_overflow_hidden_temple,
          tgw_trog
D:9:      layout_stronghold, nemelex_diamond_rough_becter,
          general_overflow_altar
D:10:     layout_roguey, lair_entry_dummy, serial_nicolae_subway,
          nicolae_sub_station_crystal, nicolae_sub_station_stone,
          nicolae_sub_station_metal
Temple:   hellmonk_temple_flake
Lair:1:   layout_gridlike, grunt_megastairs_3

Skill      XL: |  1  2  3  4  5  6  7  8  9 10 11 |
---------------+----------------------------------+-----
Axes           | 2 3 4 5 7 9 10 11 | 11.0
Fighting       | 4 6 7 8 9 |  9.2
Dodging        | 1 |  1.0
Throwing       | 1 |  1.0
Armour         | 4 5 8 9 |  9.0
Shields        | 4 5 7 |  7.5
Invocations    | 4 |  4.0

Action                     |  1- 3 |  4- 6 |  7- 9 | 10-12 || total
---------------------------+-------+-------+-------+-------++-------
  Melee: War axe           |   122 |   155 |   584 |   298 ||  1159
  Throw: Boomerang         |       |       |     8 |       ||     8
 Invoke: Heroism           |       |       |     3 |     9 ||    12
    Use: Scroll            |     4 |     4 |     8 |     5 ||    21
         Potion            |       |     1 |     7 |       ||     8
 Armour: Scale mail        |    71 |    81 |   158 |       ||   310
         Chain mail        |       |       |   166 |    17 ||   183
         Plate armour      |       |       |       |   159 ||   159
  Dodge: Dodged            |    60 |    80 |   216 |    83 ||   439
  Block: Buckler           |    25 |    25 |   115 |   133 ||   298
         Reflection        |       |       |       |     3 ||     3
         Kite shield       |       |       |       |    48 ||    48

Table legend:
 A = Non-vault XP
 B = Vault XP
 C = Vault XP percentage of total XP
 D = Non-vault monster count
 E = Vault monster count
 F = Vault count percentage of total count
                 A         B        C        D         E       F
            +---------+---------+-------+---------+---------+-------
      Total |   11699 |    1992 |  14.5 |     183 |     117 |  39.0
            +---------+---------+-------+---------+---------+-------
        D:1 |      36 |       0 |   0.0 |      14 |       0 |   0.0
        D:2 |      46 |       5 |   9.8 |      22 |       3 |  12.0
        D:3 |     176 |      92 |  34.3 |      23 |       6 |  20.7
        D:4 |     338 |    1489 |  81.5 |      19 |      63 |  76.8
        D:5 |     971 |       0 |   0.0 |      15 |       0 |   0.0
        D:6 |     765 |       2 |   0.3 |      14 |       2 |  12.5
        D:7 |    1223 |       8 |   0.6 |      16 |       4 |  20.0
        D:8 |    1946 |       2 |   0.1 |      20 |       2 |   9.1
        D:9 |    1859 |       0 |   0.0 |      16 |       0 |   0.0
       D:10 |    1641 |       0 |   0.0 |      17 |       0 |   0.0
     Lair:1 |    2698 |       0 |   0.0 |       7 |       0 |   0.0
    Ossuary |       0 |     394 | 100.0 |       0 |      37 | 100.0
            +---------+---------+-------+---------+---------+-------
